AoeStats
← 18_Salkin

MegaRandom

507107794Analyzed
2v2 RM · 16d ago on Sep 16, 2026· 53m 23s· 4 players
Game mode
Random Map
Map size
Medium (4 player)
Population
200
Speed
Normal
Resources
Standard
Victory
Conquest
Starting age
Dark Age
Ending age
Imperial Age
RankedLock teamsTeams togetherTeam positionsShared explorationLock speedFull tech treeHidden civsTurbo modeCheats
Victory
Defeat
🇩🇪 Burgundians · Germany
1058
+13
🇩🇪 Magyars · Germany
989
+15
🇭🇺 Mongols · Hungary
1013
-15
🇦🇷 Slavs · Argentina
952
-39
wxyz80
3:25 Loom
11:41 Feudal Age
19:19 Castle Age
17:49 Double-Bit Axe
20:40 Pikeman
23:40 Fletching
30:02 Gold Mining
30:24 Bow Saw
32:57 Squires
32:54 Bodkin Arrow
35:36 Wheelbarrow
39:10 Horse Collar
42:33 Imperial Age
40:41 Forging
41:07 Padded Archer Armor
43:37 Ballistics
44:19 Chemistry
43:20 Nomads
44:19 Bracer
46:11 Iron Casting
48:47 Elite Skirmisher
53:17 Blast Furnace
LIOOOUU
11:54 Feudal Age
14:16 Wheelbarrow
14:01 Horse Collar
17:38 Man-at-Arms
21:01 Double-Bit Axe
31:12 Castle Age
30:23 Bloodlines
33:03 Gold Mining
33:04 Stone Mining
34:39 Hand Cart
39:00 Bow Saw
49:00 Imperial Age
18_Salkin
9:28 Loom
11:53 Feudal Age
13:48 Horse Collar
16:27 Castle Age
14:51 Double-Bit Axe
16:59 Wheelbarrow
18:56 Scale Barding Armor
18:57 Husbandry
20:03 Town Watch
22:07 Bloodlines
24:46 Bow Saw
24:52 Padded Archer Armor
25:13 Fletching
27:26 Chain Barding Armor
27:46 Elite Skirmisher
29:03 Heavy Plow
29:37 Leather Archer Armor
29:25 Gold Mining
32:40 Hand Cart
33:10 Bodkin Arrow
34:28 Town Patrol
39:43 Imperial Age
39:17 Corvinian Army
42:17 Cavalier
44:41 Two-Man Saw
44:12 Crop Rotation
45:12 Elite Magyar Huszar
46:33 Plate Barding Armor
45:59 Bracer
46:30 Ring Archer Armor
47:16 Hoardings
47:46 Ballistics
49:13 Conscription
51:17 Capped Ram
53:01 Parthian Tactics
53:40 Chemistry
53:45 Thumb Ring
53:03 Heavy Cavalry Archer
HansivomTV
8:40 Double-Bit Axe
13:01 Feudal Age
13:09 Loom
14:53 Town Watch
20:36 Castle Age
24:57 Bow Saw
26:16 Forging
26:07 Scale Mail Armor
26:23 Man-at-Arms
27:08 Long Swordsman
29:12 Horse Collar
33:02 Fletching
35:08 Wheelbarrow
38:09 Heavy Plow
39:46 Hand Cart
40:34 Chain Mail Armor
40:03 Pikeman
41:50 Iron Casting
45:33 Gold Mining
47:03 Squires
46:49 Arson
Connection lost

Rejoining the realm…

Still unreachable

The connection could not be restored.

Session expired

The server has moved on; the page needs a fresh start.